 Dungeon Crawl Stone Soup version 0.28.0-53-g5a82cb258f (webtiles) character file.

Game seed: 8258101894771283039

79 safid the Chopper (level 4, -4/40 HPs)
             Began as a Hill Orc Fighter on Aug 6, 2022.
             Slain by a gnoll
             ... wielding a +2 whip of freezing
              (5 damage)
             ... on level 1 of the Dungeon.
             The game lasted 00:01:57 (1709 turns).

safid the Chopper (Hill Orc Fighter)                Turns: 1709, Time: 00:01:58

Health: -4/40      AC:  9    Str: 20    XL:     4   Next: 37%
Magic:  4/4        EV:  7    Int:  8    God:
Gold:   110        SH:  4    Dex: 10    Spells: 3/3 levels left

rFire   . . .      SeeInvis .   a - +0 war axe
rCold   . . .      Faith    .   c - +0 buckler
rNeg    . . .      Spirit   .   i - +0 chain mail
rPois   .          Reflect  .   (no helmet)
rElec   .          Harm     .   (no cloak)
rCorr   .          Rampage  .   (no gloves)
Will    .....                   (no boots)
Stlth   ..........              (no amulet)
HPRegen 0.13/turn               (no ring)
MPRegen 0.09/turn               (no ring)

@: no status effects
A: no striking features
a: no special abilities


You were on level 1 of the Dungeon.
You visited 1 branch of the dungeon, and saw 2 of its levels.

You collected 110 gold pieces.

Inventory:

Hand Weapons
 a - a +0 war axe (weapon)
Armour
 c - a +0 buckler (worn)
 i - a +0 chain mail (worn)
Scrolls
 b - a scroll of immolation {unknown}
 e - a scroll of noise {unknown}
 f - 2 scrolls of fear {unknown}
 g - 2 scrolls of teleportation {unknown}
 h - a scroll of enchant weapon {unknown}
 j - a scroll of magic mapping {unknown}
 k - a scroll of blinking {unknown}
 l - 3 scrolls of identify {unknown}
Potions
 d - 2 potions of might
 m - a potion of magic {unknown}
 n - a potion of curing {unknown}


   Skills:
 - Level 4.0 Fighting
 + Level 4.2 Axes
 - Level 4.0 Armour
 - Level 4.0 Shields


You had 3 spell levels left.
You didn't know any spells.
Your spell library contained the following spells:

 Spells                   Type           Power      Damage    Failure   Level
 Gell's Gravitas          Tloc           0%         N/A       100%        3
 Lesser Beckoning         Tloc           0%         N/A       100%        3
 Teleport Other           Tloc           0%         N/A       100%        3


Dungeon Overview and Level Annotations

Branches:
Dungeon (2/15)

Altars:


Message History

The gnoll is severely wounded.
The gnoll hits you with a +0 whip. The gnoll barely misses you.
You hit the gnoll.
The gnoll is almost dead.
You closely miss the gnoll. The gnoll closely misses you.
The gnoll hits you but does no damage.
The gnoll hits you from afar with a +0 spear.
The gnoll hits you but does no damage. The gnoll hits you with a +0 whip!
You are too injured to fight recklessly!
You are too injured to fight recklessly!
You are too injured to fight recklessly!
You are too injured to fight recklessly!
You are too injured to fight recklessly!
You are too injured to fight recklessly!
You are too injured to fight recklessly!
You are too injured to fight recklessly!
You are too injured to fight recklessly!
You are too injured to fight recklessly!
You are too injured to fight recklessly!
You are too injured to fight recklessly!
You are too injured to fight recklessly!
You are too injured to fight recklessly!
You are too injured to fight recklessly!
You are too injured to fight recklessly!
You are too injured to fight recklessly!
You are too injured to fight recklessly!
The gnoll hits you from afar with a +0 spear.
The gnoll hits you with a +2 whip of freezing!
* * * LOW HITPOINT WARNING * * *
The gnoll freezes you.
* * * LOW HITPOINT WARNING * * *
The gnoll hits you but does no damage.
You climb upwards.
There is a stone staircase leading down here.
Unknown command.
You hit the gnoll but do no damage.
The gnoll is almost dead.
You hit the gnoll but do no damage.
The gnoll hits you with a +2 whip of freezing.
You die...

### #.# #########
#.#####.......#
#.....+.......#
#.#####.......#
#######.#####..g.g..#
................@)..#
##.#########........#
#.........#........#
###'#####.#........#
#......#..........#
#......###....#####
#......# ####.#
######## #.########
#.#......##


You could see 2 gnolls.

Vanquished Creatures
  Terence (D:2)
  A gnoll (D:1)
  3 dart slugs
  A worm (D:2)
  4 ball pythons
  A bat (D:1)
  7 endoplasms
  A goblin (D:1)
  3 hobgoblins (D:2)
  3 quokkas
  3 kobolds (D:2)
  6 rats
34 creatures vanquished.

Notes
Turn   | Place    | Note
-------+----------+-------------------------------------------
     0 | D:1      | safid the Hill Orc Fighter began the quest for the Orb.
     0 | D:1      | Reached XP level 1. HP: 19/19 MP: 1/1
   423 | D:1      | Reached XP level 2. HP: 27/27 MP: 2/2
   525 | D:1      | Found a faded altar of an unknown god.
   785 | D:2      | Noticed Terence
   794 | D:2      | Killed Terence
   795 | D:2      | Reached XP level 3. HP: 23/33 MP: 3/3
  1162 | D:2      | Reached XP level 4. HP: 40/40 MP: 4/4
  1707 | D:2      | HP: 1/40 [gnoll/+2 whip of freezing (4)]
  1709 | D:1      | Slain by a gnoll

Illustrated notes

Levels and vault maps discovered:
D:1:      dpeg_arrival_prison, layout_basic, hellmonk_ecumenical_altar_zigzags
D:2:      layout_basic, uniq_terence

Skill      XL: |  1  2  3  4 |
---------------+-------------+-----
Axes           | 3 4 |  4.2
Fighting       | 4 |  4.0
Armour         | 4 |  4.0
Shields        | 4 |  4.0

Action                   |  1- 3 |  4- 6 || total
-------------------------+-------+-------++-------
Melee: War axe           |    56 |    30 ||    86
Armor: Scale mail        |    19 |       ||    19
       Chain mail        |     8 |    22 ||    30
Dodge: Dodged            |    29 |    14 ||    43
Block: Buckler           |    12 |     9 ||    21
